Coyotes vs Canadiens
Created - April 26, 2020 at 19:06
Goals
|
| Coyotes |
1 |
1 |
0 |
2 |
| Canadiens |
1 |
2 |
1 |
4 |
|
Shots
|
| Coyotes |
19 |
14 |
9 |
42 |
| Canadiens |
11 |
10 |
9 |
30 |
|
1st period
1. Coyotes , Nazem Kadri 11 (Tyler Ennis 30) at 10:57 (PP)
2. Canadiens , Pierre-Marc Bouchard 10 (Colton Parayko 26) at 15:18
Penalties :
Mark Stuart (Mon) for Hooking (Minor) at 4:48, Benoit Pouliot (Mon) for High sticking (Minor) at 10:54
2nd period
3. Canadiens , Steve Downie 17 (Bryce Lampman 26, Raphael Diaz 22) at 5:17
4. Canadiens , Benoit Pouliot 37 (Corey Perry 47, Henrik Sedin 63) at 6:53
5. Coyotes , Chris Stewart 20 (Brad Richards 36, Zach Parise 31) at 9:06 (PP)
Penalties :
Matt Donovan (Ari) for Hooking (Minor) at 1:12, Enver Lisin (Mon) for Holding (Minor) at 7:26, Vitaly Vishnevsky (Mon) for Tripping (Minor) at 13:53, Vitaly Vishnevsky (Mon) for Holding (Minor) at 19:06
3rd period
6. Canadiens , Pierre-Marc Bouchard 11 (Raphael Diaz 23, Brett Maclean 11) at 8:35
Penalties :
Vitaly Vishnevsky (Mon) for Holding (Minor) at 5:33, Marian Gaborik (Ari) for Roughing (Minor) at 10:47, Henrik Sedin (Mon) for Hooking (Minor) at 13:16
Goalie Stats
Maxime Daigneault (Ari), 26 saves from 30 shots - (0.867), L, 32-19-3, 60:00 minutes
Allen York (Mon), 40 saves from 42 shots - (0.952), W, 7-3-2, 60:00 minutes
Players Stats for Coyotes
Player Name G A P +/- PIM S H SB GA TA FO MP PP MP PK MP
------------------------------------------------------------------------------------
Andrew MacDonald 0 0 0 -1 0 0 0 0 0 1 0/0 5:29 0:00 1:35
Anton Stralman 0 0 0 -1 0 2 2 0 0 1 0/0 19:29 0:00 2:23
Brad Richards 0 1 1 -1 0 3 0 1 2 0 3/11 19:18 5:14 1:04
Chris Stewart 1 0 1 -1 0 1 1 1 0 0 0/0 17:57 5:14 0:00
Eric Tangradi 0 0 0 0 0 3 1 0 0 1 0/0 14:05 0:00 0:40
Evgeny Artyukhin 0 0 0 -1 0 1 1 0 0 0 0/0 13:55 0:00 0:47
Jamie Arniel 0 0 0 0 0 3 2 0 1 1 7/12 14:47 0:00 2:17
Josh Gorges 0 0 0 -1 0 0 0 0 1 0 0/0 16:05 0:00 2:23
Kristopher Letang 0 0 0 -2 0 1 1 1 1 2 0/0 27:59 7:22 0:00
Marian Gaborik 0 0 0 -2 2 5 2 2 1 1 0/1 24:05 6:24 0:00
Matt Donovan 0 0 0 -1 2 0 0 0 0 1 0/0 14:23 4:16 0:00
Michael Del Zotto 0 0 0 -1 0 2 2 2 1 0 0/0 21:40 7:22 0:00
Nazem Kadri 1 0 1 -2 0 2 2 0 2 0 21/45 19:45 6:24 0:00
Nick Bonino 0 0 0 -1 0 4 1 0 0 0 1/3 5:35 0:00 0:00
Ramzi Abid 0 0 0 -1 0 1 2 1 0 0 0/0 7:45 0:00 2:16
Thomas Hickey 0 0 0 -1 0 1 1 0 0 2 0/0 15:46 4:16 1:35
Tyler Ennis 0 1 1 -2 0 8 3 0 0 0 1/1 19:09 6:24 0:00
Zach Parise 0 1 1 -1 0 5 2 0 2 0 0/1 18:48 5:14 0:52
Players Stats for Canadiens
Player Name G A P +/- PIM S H SB GA TA FO MP PP MP PK MP
------------------------------------------------------------------------------------
Benoit Pouliot 1 0 1 1 2 2 1 0 1 0 2/2 20:28 2:19 4:19
Brett Maclean 0 1 1 2 0 1 1 0 2 0 0/0 9:51 0:07 0:00
Bryce Lampman 0 1 1 2 0 1 1 1 1 1 0/0 19:44 1:47 3:11
Colton Parayko 0 1 1 1 0 1 1 0 1 2 0/0 26:23 2:11 5:08
Corey Perry 0 1 1 1 0 4 3 2 0 0 8/13 23:43 2:19 7:16
Dustin Boyd 0 0 0 0 0 0 2 0 1 0 3/9 9:23 0:07 1:43
Enver Lisin 0 0 0 2 2 1 2 0 0 1 0/1 9:50 0:07 0:00
Frans Nielsen 0 0 0 1 0 4 0 0 0 0 7/9 17:45 1:32 3:03
Greg Stewart 0 0 0 1 0 2 3 0 1 0 0/0 14:57 1:32 0:41
Henrik Sedin 0 1 1 1 2 4 0 1 0 1 15/29 23:05 2:19 6:14
Mark Stuart 0 0 0 1 2 2 3 0 0 2 0/0 25:31 0:00 5:57
Nikolai Zherdev 0 0 0 0 0 0 1 0 1 0 0/0 7:19 0:00 0:00
Pierre-Marc Bouchard 2 0 2 2 0 3 1 0 1 0 6/10 9:30 0:00 0:00
Raphael Diaz 0 2 2 2 0 1 1 0 1 0 0/0 16:15 1:47 0:00
Shaone Morrisonn 0 0 0 1 0 0 1 0 0 2 0/0 17:59 0:00 7:07
Steve Downie 1 0 1 1 0 4 0 1 0 0 0/1 14:35 1:32 0:00
Viktor Stalberg 0 0 0 0 0 0 2 0 0 0 0/0 7:19 0:00 0:00
Vitaly Vishnevsky 0 0 0 1 6 0 1 0 0 2 0/0 14:38 2:11 1:53
3 Stars
1 - Pierre-Marc Bouchard (Mon)
2 - Allen York (Mon)
3 - Raphael Diaz (Mon)
Power Play
Coyotes - 2 on 7 Attempt(s) - 28.57%
Canadiens - 0 on 2 Attempt(s) - 0.00%
Penalty Kill
Coyotes - 2 on 2 Attempt(s) - 100.00%
- Score 0 goal in Penalty Kill
Canadiens - 5 on 7 Attempt(s) - 71.43%
- Score 0 goal in Penalty Kill
Team Stat
Coyotes - Hits : 23 - Faceoff Wins : 33 - Blocked Shots : 8 - Penalty Minutes : 4
Canadiens - Hits : 24 - Faceoff Wins : 41 - Blocked Shots : 5 - Penalty Minutes : 14
Official
Referees : Unknown
Linesman : Unknown
Game Notes
No Game Note
Finance
Level 1 -- Attendance: 6000 (100.00%) -- Ticket Income $552,000
Level 2 -- Attendance: 5000 (100.00%) -- Ticket Income $275,000
Level 3 -- Attendance: 2000 (100.00%) -- Ticket Income $80,000
Level 4 -- Attendance: 3789 (94.73%) -- Ticket Income $94,725
Luxury Box -- Attendance: 990 (99.00%) -- Ticket Income $166,320
Game was played at the Centre Bell.
Total Attendance: 17779 (98.77%)
Total Ticket Income: $1,168,045
Other Income: $175,207
Total Income: $1,343,252
Coyotes
5 vs 5 Forward
Center Left Wing Right Wing Time % Phy DF OF
1 Nazem Kadri Tyler Ennis Marian Gaborik 40 0 2 3
2 Brad Richards Zach Parise Chris Stewart 30 0 2 3
3 Jamie Arniel Eric Tangradi Evgeny Artyukhin 20 0 2 3
4 Nick Bonino Ramzi Abid Marian Gaborik 10 0 2 3
5 vs 5 Defense
Defense Defense Time % Phy DF OF
1 Kristopher Letang Anton Stralman 40 0 3 2
2 Josh Gorges Michael Del Zotto 30 0 3 2
3 Matt Donovan Thomas Hickey 20 0 3 2
4 Andrew MacDonald Kristopher Letang 10 0 3 2
PowerPlay Forward
Center Left Wing Right Wing Time % Phy DF OF
1 Nazem Kadri Tyler Ennis Marian Gaborik 60 0 1 4
2 Brad Richards Zach Parise Chris Stewart 40 0 1 4
PowerPlay Defense
Defense Defense Time % Phy DF OF
1 Kristopher Letang Michael Del Zotto 60 0 2 3
2 Thomas Hickey Matt Donovan 40 0 2 3
Penalty Kill 4 Players Forward
Center Wing Time % Phy DF OF
1 Jamie Arniel Ramzi Abid 60 0 3 2
2 Brad Richards Zach Parise 40 0 3 2
Penalty Kill 4 Players Defense
Defense Defense Time % Phy DF OF
1 Josh Gorges Anton Stralman 60 1 4 0
2 Andrew MacDonald Thomas Hickey 40 1 4 0
Penalty Kill - 3 Players Forward
Forward Time % Phy DF OF
1 Tyler Ennis 60 0 4 1
2 Brad Richards 40 0 4 1
Penalty Kill - 3 Players Defense
Defense Defense Time % Phy DF OF
1 Kristopher Letang Anton Stralman 60 1 2 0
2 Josh Gorges Andrew MacDonald 40 1 4 0
4 vs 4 Forward
Center Wing Time % Phy DF OF
1 Tyler Ennis Marian Gaborik 60 0 2 3
2 Zach Parise Nazem Kadri 40 0 2 3
4 vs 4 Defense
Defense Defense Time % Phy DF OF
1 Kristopher Letang Anton Stralman 60 0 3 2
2 Josh Gorges Michael Del Zotto 40 0 3 2
Last Minutes Offensive
Center Left Wing Right Wing Defense Defense
Nazem Kadri Tyler Ennis Marian Gaborik Kristopher Letang Anton Stralman
Last Minutes Defensive
Center Left Wing Right Wing Defense Defense
Brad Richards Tyler Ennis Marian Gaborik Josh Gorges Anton Stralman
Goaltenders
Starting : Maxime Daigneault
Backup : Thomas McCollum
Extra Forwards
Normal : Jamie Arniel, Eric Tangradi, Evgeny Artyukhin - PP : Jamie Arniel, Evgeny Artyukhin - PK : Evgeny Artyukhin
Extra Defensemen
Normal : Andrew MacDonald, Thomas Hickey, Matt Donovan - PP : Josh Gorges - PK : Thomas Hickey, Kristopher Letang
Penalty Shots
Tyler Ennis, Marian Gaborik, Zach Parise, Nazem Kadri, Brad Richards
Scratches
Martin Samuelsson (Healthy), Mike Weber (Healthy)
Canadiens
5 vs 5 Forward
Center Left Wing Right Wing Time % Phy DF OF
1 Henrik Sedin Benoit Pouliot Corey Perry 40 0 1 4
2 Frans Nielsen Greg Stewart Steve Downie 30 0 1 4
3 Pierre-Marc Bouchard Brett Maclean Enver Lisin 20 1 2 2
4 Dustin Boyd Viktor Stalberg Nikolai Zherdev 10 1 2 2
5 vs 5 Defense
Defense Defense Time % Phy DF OF
1 Colton Parayko Mark Stuart 40 0 2 3
2 Raphael Diaz Bryce Lampman 30 0 2 3
3 Vitaly Vishnevsky Shaone Morrisonn 20 0 3 2
4 Mark Stuart Colton Parayko 10 1 2 2
PowerPlay Forward
Center Left Wing Right Wing Time % Phy DF OF
1 Henrik Sedin Benoit Pouliot Corey Perry 60 0 0 5
2 Frans Nielsen Greg Stewart Steve Downie 40 0 0 5
PowerPlay Defense
Defense Defense Time % Phy DF OF
1 Colton Parayko Vitaly Vishnevsky 60 0 1 4
2 Bryce Lampman Raphael Diaz 40 0 1 4
Penalty Kill 4 Players Forward
Center Wing Time % Phy DF OF
1 Corey Perry Henrik Sedin 60 0 5 0
2 Benoit Pouliot Frans Nielsen 40 0 5 0
Penalty Kill 4 Players Defense
Defense Defense Time % Phy DF OF
1 Shaone Morrisonn Mark Stuart 60 0 5 0
2 Colton Parayko Vitaly Vishnevsky 40 0 5 0
Penalty Kill - 3 Players Forward
Forward Time % Phy DF OF
1 Corey Perry 60 0 5 0
2 Henrik Sedin 40 0 5 0
Penalty Kill - 3 Players Defense
Defense Defense Time % Phy DF OF
1 Mark Stuart Vitaly Vishnevsky 60 1 4 0
2 Colton Parayko Shaone Morrisonn 40 1 4 0
4 vs 4 Forward
Center Wing Time % Phy DF OF
1 Corey Perry Henrik Sedin 60 0 2 3
2 Benoit Pouliot Frans Nielsen 40 0 2 3
4 vs 4 Defense
Defense Defense Time % Phy DF OF
1 Bryce Lampman Vitaly Vishnevsky 60 0 2 3
2 Colton Parayko Mark Stuart 40 0 2 3
Last Minutes Offensive
Center Left Wing Right Wing Defense Defense
Henrik Sedin Benoit Pouliot Corey Perry Colton Parayko Bryce Lampman
Last Minutes Defensive
Center Left Wing Right Wing Defense Defense
Henrik Sedin Benoit Pouliot Corey Perry Shaone Morrisonn Mark Stuart
Goaltenders
Starting : Allen York
Backup : Henrik Lundqvist
Extra Forwards
Normal : Henrik Sedin, Benoit Pouliot, Corey Perry - PP : Corey Perry, Benoit Pouliot - PK : Dustin Boyd
Extra Defensemen
Normal : Raphael Diaz, Colton Parayko, Vitaly Vishnevsky - PP : Bryce Lampman - PK : Mark Stuart, Colton Parayko
Penalty Shots
Corey Perry, Henrik Sedin, Benoit Pouliot, Frans Nielsen, Greg Stewart
Scratches
None
% Time on Ice - Coyotes
Lines # - Real PCT - Wanted PCT - Time Play
Normal Forward
1 - 31% - 40% - 13:48
2 - 32% - 30% - 14:17
3 - 26% - 20% - 11:20
4 - 11% - 10% - 4:59
Normal Defense
1 - 42% - 40% - 18:39
2 - 30% - 30% - 13:31
3 - 21% - 20% - 9:16
4 - 7% - 10% - 2:58
PP Forward
1 - 55% - 60% - 6:24
2 - 45% - 40% - 5:14
PP Defense
1 - 63% - 60% - 7:22
2 - 37% - 40% - 4:16
PK Forward
1 - 78% - 60% - 3:06
2 - 22% - 40% - 0:52
PK Defense
1 - 60% - 60% - 2:23
2 - 40% - 40% - 1:35
PK3 Forward
1 - 0% - 60%
2 - 0% - 40%
PK3 Defense
1 - 0% - 60%
2 - 0% - 40%
44 Forward
1 - 0% - 60%
2 - 0% - 40%
44 Defense
1 - 0% - 60%
2 - 0% - 40%
Last Minute Offensive - 0:00
Last Minute Defensive - 0:00
Total
Forward - 60:00
Defense - 60:00
|
% Time on Ice - Canadiens
Lines # - Real PCT - Wanted PCT - Time Play
Normal Forward
1 - 32% - 40% - 14:22
2 - 30% - 30% - 13:13
3 - 21% - 20% - 9:30
4 - 16% - 10% - 7:19
Normal Defense
1 - 40% - 40% - 17:44
2 - 33% - 30% - 14:48
3 - 22% - 20% - 9:35
4 - 5% - 10% - 2:17
PP Forward
1 - 61% - 60% - 2:26
2 - 39% - 40% - 1:32
PP Defense
1 - 55% - 60% - 2:11
2 - 45% - 40% - 1:47
PK Forward
1 - 77% - 60% - 8:57
2 - 23% - 40% - 2:41
PK Defense
1 - 66% - 60% - 7:40
2 - 34% - 40% - 3:58
PK3 Forward
1 - 0% - 60%
2 - 0% - 40%
PK3 Defense
1 - 0% - 60%
2 - 0% - 40%
44 Forward
1 - 0% - 60%
2 - 0% - 40%
44 Defense
1 - 0% - 60%
2 - 0% - 40%
Last Minute Offensive - 0:00
Last Minute Defensive - 0:00
Total
Forward - 60:00
Defense - 60:00
|
Play-by-Play
1st period
0:01 of 1st period - Henrik Sedin wins face-off versus Nazem Kadri in neutral zone.
0:10 of 1st period - Snap shot by Corey Perry.
0:10 of 1st period - Stopped by Maxime Daigneault with a rebound.
0:58 of 1st period - Icing by Eric Tangradi.
0:59 of 1st period - Jamie Arniel wins face-off versus Dustin Boyd in Coyotes zone.
0:59 of 1st period - Jamie Arniel is hit by Viktor Stalberg.
1:31 of 1st period - Josh Gorges is hit by Corey Perry and loses puck.
1:54 of 1st period - Wrist shot by Evgeny Artyukhin.
1:54 of 1st period - Stopped by Allen York with a rebound.
1:56 of 1st period - Slapshot by Michael Del Zotto.
1:56 of 1st period - Stopped by Allen York without a rebound.
1:57 of 1st period - Pierre-Marc Bouchard wins face-off versus Nazem Kadri in Canadiens zone.
2:24 of 1st period - Matt Donovan is hit by Bryce Lampman and loses puck.
2:47 of 1st period - Slapshot by Steve Downie.
2:47 of 1st period - Stopped by Maxime Daigneault without a rebound.
2:48 of 1st period - Frans Nielsen wins face-off versus Nick Bonino in Coyotes zone.
3:08 of 1st period - Wrist shot by Steve Downie.
3:08 of 1st period - Shot Misses the Net.
3:14 of 1st period - Steve Downie is hit by Nick Bonino.
3:40 of 1st period - Wrist shot by Marian Gaborik.
3:40 of 1st period - Stopped by Allen York with a rebound.
3:46 of 1st period - Snap shot by Nick Bonino.
3:46 of 1st period - Shot Misses the Net.
3:48 of 1st period - Snap shot by Ramzi Abid.
3:48 of 1st period - Shot Misses the Net.
3:50 of 1st period - Slapshot by Kristopher Letang.
3:50 of 1st period - Shot Misses the Net.
4:02 of 1st period - Wrist shot by Nick Bonino.
4:02 of 1st period - Stopped by Allen York with a rebound.
4:04 of 1st period - Snap shot by Ramzi Abid.
4:04 of 1st period - Shot Misses the Net.
4:08 of 1st period - Snap shot by Ramzi Abid.
4:08 of 1st period - Stopped by Allen York without a rebound.
4:09 of 1st period - Brad Richards wins face-off versus Henrik Sedin in Canadiens zone.
4:24 of 1st period - Snap shot by Zach Parise.
4:24 of 1st period - Stopped by Allen York with a rebound.
4:26 of 1st period - Snap shot by Brad Richards.
4:26 of 1st period - Stopped by Allen York without a rebound.
4:27 of 1st period - Jamie Arniel wins face-off versus Pierre-Marc Bouchard in Canadiens zone.
4:28 of 1st period - Snap shot by Eric Tangradi.
4:28 of 1st period - Shot Misses the Net.
4:48 of 1st period - Minor Penalty to Mark Stuart for Hooking.
4:49 of 1st period - Corey Perry wins face-off versus Brad Richards in Canadiens zone.
5:52 of 1st period - Matt Donovan is hit by Colton Parayko and loses puck.
6:31 of 1st period - Benoit Pouliot is hit by Tyler Ennis and loses puck.
6:48 of 1st period - Penalty to Mark Stuart is over, Mark Stuart is back on ice.
7:22 of 1st period - Anton Stralman is hit by Brett Maclean.
7:32 of 1st period - Slapshot by Enver Lisin.
7:32 of 1st period - Stopped by Maxime Daigneault without a rebound.
7:33 of 1st period - Dustin Boyd wins face-off versus Nazem Kadri in Coyotes zone.
8:36 of 1st period - Wrist shot by Frans Nielsen.
8:36 of 1st period - Stopped by Maxime Daigneault without a rebound.
8:37 of 1st period - Nazem Kadri wins face-off versus Steve Downie in Coyotes zone.
8:58 of 1st period - Slapshot by Benoit Pouliot.
8:58 of 1st period - Shot Misses the Net.
9:00 of 1st period - Slapshot by Henrik Sedin.
9:00 of 1st period - Stopped by Maxime Daigneault with a rebound.
9:24 of 1st period - Slapshot by Jamie Arniel.
9:24 of 1st period - Stopped by Allen York without a rebound.
9:25 of 1st period - Jamie Arniel wins face-off versus Henrik Sedin in Canadiens zone.
9:50 of 1st period - Evgeny Artyukhin is hit by Mark Stuart.
10:06 of 1st period - Wrist shot by Jamie Arniel.
10:06 of 1st period - Stopped by Allen York with a rebound.
10:08 of 1st period - Slapshot by Kristopher Letang.
10:08 of 1st period - Shot Misses the Net.
10:10 of 1st period - Slapshot by Kristopher Letang.
10:10 of 1st period - Shot Misses the Net.
10:54 of 1st period - Minor Penalty to Benoit Pouliot for High sticking.
10:55 of 1st period - Nazem Kadri wins face-off versus Dustin Boyd in Canadiens zone.
10:57 of 1st period - Wrist shot by Nazem Kadri.
10:57 of 1st period - Goal by Nazem Kadri - Coyotes : 1 - Canadiens : 0.
10:58 of 1st period - Nazem Kadri wins face-off versus Frans Nielsen in neutral zone.
11:25 of 1st period - Brad Richards is hit by Pierre-Marc Bouchard and loses puck.
11:32 of 1st period - Snap shot by Zach Parise.
11:32 of 1st period - Shot Misses the Net.
11:34 of 1st period - Slapshot by Matt Donovan.
11:34 of 1st period - Shot Misses the Net.
11:36 of 1st period - Wrist shot by Zach Parise.
11:36 of 1st period - Stopped by Allen York without a rebound.
11:37 of 1st period - Nazem Kadri wins face-off versus Dustin Boyd in Canadiens zone.
11:46 of 1st period - Snap shot by Tyler Ennis.
11:46 of 1st period - Stopped by Allen York with a rebound.
12:31 of 1st period - Off-side.
12:32 of 1st period - Frans Nielsen wins face-off versus Jamie Arniel in neutral zone.
12:39 of 1st period - Snap shot by Steve Downie.
12:39 of 1st period - Stopped by Maxime Daigneault without a rebound.
12:40 of 1st period - Nazem Kadri wins face-off versus Henrik Sedin in Coyotes zone.
12:40 of 1st period - Nazem Kadri is hit by Corey Perry.
12:54 of 1st period - Bryce Lampman is hit by Marian Gaborik and loses puck.
14:12 of 1st period - Slapshot by Mark Stuart.
14:12 of 1st period - Stopped by Maxime Daigneault without a rebound.
14:13 of 1st period - Nick Bonino wins face-off versus Dustin Boyd in Coyotes zone.
14:39 of 1st period - Benoit Pouliot is hit by Jamie Arniel and loses puck.
15:06 of 1st period - Snap shot by Frans Nielsen.
15:06 of 1st period - Shot Blocked by Chris Stewart.
15:08 of 1st period - Wrist shot by Frans Nielsen.
15:08 of 1st period - Stopped by Maxime Daigneault without a rebound.
15:09 of 1st period - Nazem Kadri wins face-off versus Pierre-Marc Bouchard in Coyotes zone.
15:18 of 1st period - Slapshot by Pierre-Marc Bouchard.
15:18 of 1st period - Goal by Pierre-Marc Bouchard - Coyotes : 1 - Canadiens : 1.
15:19 of 1st period - Corey Perry wins face-off versus Nazem Kadri in neutral zone.
15:24 of 1st period - Snap shot by Corey Perry.
15:24 of 1st period - Shot Misses the Net.
15:26 of 1st period - Slapshot by Corey Perry.
15:26 of 1st period - Stopped by Maxime Daigneault without a rebound.
15:27 of 1st period - Nazem Kadri wins face-off versus Henrik Sedin in Coyotes zone.
15:54 of 1st period - Slapshot by Henrik Sedin.
15:54 of 1st period - Stopped by Maxime Daigneault without a rebound.
15:55 of 1st period - Frans Nielsen wins face-off versus Brad Richards in Coyotes zone.
16:22 of 1st period - Enver Lisin is hit by Nazem Kadri and loses puck.
16:27 of 1st period - Snap shot by Tyler Ennis.
16:27 of 1st period - Deflect By Marian Gaborik.
16:27 of 1st period - Shot Misses the Net.
16:27 of 1st period - Puck is out of play.
16:28 of 1st period - Henrik Sedin wins face-off versus Nazem Kadri in Canadiens zone.
17:00 of 1st period - Wrist shot by Chris Stewart.
17:00 of 1st period - Shot Misses the Net.
17:02 of 1st period - Wrist shot by Zach Parise.
17:02 of 1st period - Stopped by Allen York with a rebound.
17:04 of 1st period - Slapshot by Zach Parise.
17:04 of 1st period - Stopped by Allen York without a rebound.
17:05 of 1st period - Nazem Kadri wins face-off versus Henrik Sedin in Canadiens zone.
17:14 of 1st period - Snap shot by Tyler Ennis.
17:14 of 1st period - Stopped by Allen York without a rebound.
17:15 of 1st period - Henrik Sedin wins face-off versus Nazem Kadri in Canadiens zone.
17:24 of 1st period - Wrist shot by Tyler Ennis.
17:24 of 1st period - Stopped by Allen York with a rebound.
17:56 of 1st period - Slapshot by Tyler Ennis.
17:56 of 1st period - Stopped by Allen York without a rebound.
17:57 of 1st period - Frans Nielsen wins face-off versus Brad Richards in Canadiens zone.
18:06 of 1st period - Kristopher Letang is hit by Greg Stewart and loses puck.
18:20 of 1st period - Frans Nielsen is hit by Anton Stralman and loses puck.
18:27 of 1st period - Wrist shot by Brad Richards.
18:27 of 1st period - Shot Misses the Net.
18:29 of 1st period - Snap shot by Brad Richards.
18:29 of 1st period - Stopped by Allen York with a rebound.
18:41 of 1st period - Slapshot by Brad Richards.
18:41 of 1st period - Shot Misses the Net.
18:57 of 1st period - Wrist shot by Frans Nielsen.
18:57 of 1st period - Shot Blocked by Brad Richards.
19:47 of 1st period - Snap shot by Greg Stewart.
19:47 of 1st period - Shot Blocked by Kristopher Letang.
19:55 of 1st period - Slapshot by Anton Stralman.
19:55 of 1st period - Stopped by Allen York without a rebound.
19:56 of 1st period - Pierre-Marc Bouchard wins face-off versus Nazem Kadri in Canadiens zone.
Goals for this period are 1 for Coyotes vs 1 for Canadiens.
Shots for this period are 19 for Coyotes vs 11 for Canadiens.
2nd period
0:01 of 2nd period - Henrik Sedin wins face-off versus Nazem Kadri in neutral zone.
1:12 of 2nd period - Minor Penalty to Matt Donovan for Hooking.
1:13 of 2nd period - Jamie Arniel wins face-off versus Henrik Sedin in Coyotes zone.
2:42 of 2nd period - Colton Parayko is hit by Jamie Arniel.
2:52 of 2nd period - Frans Nielsen is hit by Anton Stralman and loses puck.
3:12 of 2nd period - Penalty to Matt Donovan is over, Matt Donovan is back on ice.
3:19 of 2nd period - Matt Donovan is hit by Dustin Boyd and loses puck.
3:48 of 2nd period - Brett Maclean is hit by Nazem Kadri and loses puck.
4:29 of 2nd period - Matt Donovan is hit by Mark Stuart and loses puck.
5:17 of 2nd period - Slapshot by Bryce Lampman.
5:17 of 2nd period - Deflect By Steve Downie.
5:17 of 2nd period - Goal by Steve Downie - Coyotes : 1 - Canadiens : 2.
5:18 of 2nd period - Henrik Sedin wins face-off versus Nazem Kadri in neutral zone.
5:23 of 2nd period - Snap shot by Corey Perry.
5:23 of 2nd period - Shot Blocked by Marian Gaborik.
5:33 of 2nd period - Snap shot by Nazem Kadri.
5:33 of 2nd period - Stopped by Allen York with a rebound.
6:08 of 2nd period - Vitaly Vishnevsky is hit by Eric Tangradi and loses puck.
6:37 of 2nd period - Off-side.
6:38 of 2nd period - Henrik Sedin wins face-off versus Zach Parise in neutral zone.
6:45 of 2nd period - Wrist shot by Henrik Sedin.
6:45 of 2nd period - Stopped by Maxime Daigneault without a rebound.
6:46 of 2nd period - Henrik Sedin wins face-off versus Brad Richards in Coyotes zone.
6:51 of 2nd period - Wrist shot by Corey Perry.
6:51 of 2nd period - Shot Misses the Net.
6:53 of 2nd period - Snap shot by Benoit Pouliot.
6:53 of 2nd period - Goal by Benoit Pouliot - Coyotes : 1 - Canadiens : 3.
6:54 of 2nd period - Nazem Kadri wins face-off versus Henrik Sedin in neutral zone.
6:59 of 2nd period - Slapshot by Michael Del Zotto.
6:59 of 2nd period - Shot Blocked by Corey Perry.
7:05 of 2nd period - Snap shot by Tyler Ennis.
7:05 of 2nd period - Stopped by Allen York without a rebound.
7:06 of 2nd period - Nazem Kadri wins face-off versus Henrik Sedin in Canadiens zone.
7:13 of 2nd period - Snap shot by Raphael Diaz.
7:13 of 2nd period - Stopped by Maxime Daigneault with a rebound.
7:19 of 2nd period - Slapshot by Marian Gaborik.
7:19 of 2nd period - Stopped by Allen York with a rebound.
7:23 of 2nd period - Snap shot by Tyler Ennis.
7:23 of 2nd period - Deflect By Marian Gaborik.
7:23 of 2nd period - Shot Blocked by Corey Perry.
7:23 of 2nd period - Puck is out of play.
7:24 of 2nd period - Pierre-Marc Bouchard wins face-off versus Brad Richards in Canadiens zone.
7:26 of 2nd period - Minor Penalty to Enver Lisin for Holding.
7:27 of 2nd period - Corey Perry wins face-off versus Nazem Kadri in Canadiens zone.
7:35 of 2nd period - Wrist shot by Henrik Sedin.
7:35 of 2nd period - Stopped by Maxime Daigneault without a rebound.
7:36 of 2nd period - Corey Perry wins face-off versus Nazem Kadri in Coyotes zone.
7:42 of 2nd period - Icing by Marian Gaborik.
7:43 of 2nd period - Tyler Ennis wins face-off versus Corey Perry in Coyotes zone.
7:54 of 2nd period - Wrist shot by Marian Gaborik.
7:54 of 2nd period - Stopped by Allen York without a rebound.
7:55 of 2nd period - Nazem Kadri wins face-off versus Corey Perry in Canadiens zone.
8:10 of 2nd period - Wrist shot by Tyler Ennis.
8:10 of 2nd period - Shot Blocked by Henrik Sedin.
8:28 of 2nd period - Kristopher Letang is hit by Vitaly Vishnevsky and loses puck.
8:35 of 2nd period - Benoit Pouliot is hit by Kristopher Letang and loses puck.
9:04 of 2nd period - Snap shot by Brad Richards.
9:04 of 2nd period - Stopped by Allen York with a rebound.
9:06 of 2nd period - Snap shot by Chris Stewart.
9:06 of 2nd period - Goal by Chris Stewart - Coyotes : 2 - Canadiens : 3.
9:07 of 2nd period - Pierre-Marc Bouchard wins face-off versus Nazem Kadri in neutral zone.
9:14 of 2nd period - Slapshot by Bryce Lampman.
9:14 of 2nd period - Deflect By Thomas Hickey.
9:14 of 2nd period - Stopped by Maxime Daigneault with a rebound.
9:34 of 2nd period - Greg Stewart is hit by Evgeny Artyukhin and loses puck.
10:00 of 2nd period - Icing by Jamie Arniel.
10:01 of 2nd period - Jamie Arniel wins face-off versus Dustin Boyd in Coyotes zone.
11:44 of 2nd period - Snap shot by Eric Tangradi.
11:44 of 2nd period - Stopped by Allen York with a rebound.
11:46 of 2nd period - Wrist shot by Eric Tangradi.
11:46 of 2nd period - Stopped by Allen York with a rebound.
11:48 of 2nd period - Wrist shot by Eric Tangradi.
11:48 of 2nd period - Stopped by Allen York without a rebound.
11:49 of 2nd period - Benoit Pouliot wins face-off versus Nazem Kadri in Canadiens zone.
12:15 of 2nd period - Zach Parise is hit by Raphael Diaz and loses puck.
12:24 of 2nd period - Snap shot by Greg Stewart.
12:24 of 2nd period - Shot Misses the Net.
12:26 of 2nd period - Wrist shot by Greg Stewart.
12:26 of 2nd period - Stopped by Maxime Daigneault without a rebound.
12:27 of 2nd period - Nazem Kadri wins face-off versus Enver Lisin in Coyotes zone.
12:54 of 2nd period - Slapshot by Greg Stewart.
12:54 of 2nd period - Stopped by Maxime Daigneault without a rebound.
12:55 of 2nd period - Brad Richards wins face-off versus Frans Nielsen in Coyotes zone.
13:22 of 2nd period - Benoit Pouliot is hit by Ramzi Abid and loses puck.
13:29 of 2nd period - Snap shot by Nick Bonino.
13:29 of 2nd period - Stopped by Allen York without a rebound.
13:30 of 2nd period - Nazem Kadri wins face-off versus Henrik Sedin in Canadiens zone.
13:53 of 2nd period - Minor Penalty to Vitaly Vishnevsky for Tripping.
13:54 of 2nd period - Corey Perry wins face-off versus Nazem Kadri in Canadiens zone.
14:09 of 2nd period - Snap shot by Marian Gaborik.
14:09 of 2nd period - Stopped by Allen York with a rebound.
14:11 of 2nd period - Slapshot by Michael Del Zotto.
14:11 of 2nd period - Stopped by Allen York with a rebound.
15:08 of 2nd period - Off-side.
15:09 of 2nd period - Nazem Kadri wins face-off versus Dustin Boyd in neutral zone.
15:26 of 2nd period - Bryce Lampman is hit by Tyler Ennis and loses puck.
15:53 of 2nd period - Penalty to Vitaly Vishnevsky is over, Vitaly Vishnevsky is back on ice.
16:30 of 2nd period - Bryce Lampman is hit by Ramzi Abid.
16:51 of 2nd period - Zach Parise is hit by Dustin Boyd and loses puck.
17:04 of 2nd period - Nazem Kadri is hit by Benoit Pouliot and loses puck.
17:09 of 2nd period - Snap shot by Benoit Pouliot.
17:09 of 2nd period - Stopped by Maxime Daigneault without a rebound.
17:10 of 2nd period - Jamie Arniel wins face-off versus Pierre-Marc Bouchard in Coyotes zone.
17:26 of 2nd period - Eric Tangradi is hit by Enver Lisin and loses puck.
17:37 of 2nd period - Bryce Lampman is hit by Zach Parise and loses puck.
17:53 of 2nd period - Bryce Lampman is hit by Thomas Hickey and loses puck.
18:09 of 2nd period - Wrist shot by Corey Perry.
18:09 of 2nd period - Stopped by Maxime Daigneault without a rebound.
18:10 of 2nd period - Frans Nielsen wins face-off versus Nazem Kadri in Coyotes zone.
18:46 of 2nd period - Slapshot by Brett Maclean.
18:46 of 2nd period - Shot Misses the Net.
19:02 of 2nd period - Slapshot by Zach Parise.
19:02 of 2nd period - Stopped by Allen York without a rebound.
19:03 of 2nd period - Dustin Boyd wins face-off versus Brad Richards in Canadiens zone.
19:03 of 2nd period - Dustin Boyd is hit by Chris Stewart.
19:06 of 2nd period - Minor Penalty to Vitaly Vishnevsky for Holding.
19:07 of 2nd period - Corey Perry wins face-off versus Nazem Kadri in Canadiens zone.
19:07 of 2nd period - Corey Perry is hit by Michael Del Zotto.
19:16 of 2nd period - Snap shot by Tyler Ennis.
19:16 of 2nd period - Shot Misses the Net.
19:18 of 2nd period - Wrist shot by Marian Gaborik.
19:18 of 2nd period - Stopped by Allen York without a rebound.
19:19 of 2nd period - Nazem Kadri wins face-off versus Corey Perry in Canadiens zone.
Goals for this period are 1 for Coyotes vs 2 for Canadiens.
Shots for this period are 14 for Coyotes vs 10 for Canadiens.
3rd period
0:01 of 3rd period - Nazem Kadri wins face-off versus Corey Perry in neutral zone.
1:06 of 3rd period - Penalty to Vitaly Vishnevsky is over, Vitaly Vishnevsky is back on ice.
1:23 of 3rd period - Wrist shot by Brett Maclean.
1:23 of 3rd period - Stopped by Maxime Daigneault with a rebound.
1:51 of 3rd period - Ramzi Abid is hit by Viktor Stalberg and loses puck.
2:06 of 3rd period - Snap shot by Nick Bonino.
2:06 of 3rd period - Stopped by Allen York with a rebound.
2:08 of 3rd period - Slapshot by Thomas Hickey.
2:08 of 3rd period - Stopped by Allen York without a rebound.
2:09 of 3rd period - Henrik Sedin wins face-off versus Brad Richards in Canadiens zone.
2:42 of 3rd period - Snap shot by Steve Downie.
2:42 of 3rd period - Stopped by Maxime Daigneault without a rebound.
2:43 of 3rd period - Frans Nielsen wins face-off versus Nazem Kadri in Coyotes zone.
2:44 of 3rd period - Snap shot by Greg Stewart.
2:44 of 3rd period - Shot Blocked by Michael Del Zotto.
2:46 of 3rd period - Snap shot by Frans Nielsen.
2:46 of 3rd period - Stopped by Maxime Daigneault without a rebound.
2:47 of 3rd period - Henrik Sedin wins face-off versus Nazem Kadri in Coyotes zone.
2:50 of 3rd period - Slapshot by Benoit Pouliot.
2:50 of 3rd period - Deflect By Henrik Sedin.
2:50 of 3rd period - Shot Blocked by Marian Gaborik.
2:50 of 3rd period - Puck is out of play.
2:51 of 3rd period - Henrik Sedin wins face-off versus Nazem Kadri in Coyotes zone.
3:02 of 3rd period - Wrist shot by Benoit Pouliot.
3:02 of 3rd period - Shot Blocked by Michael Del Zotto.
3:04 of 3rd period - Slapshot by Corey Perry.
3:04 of 3rd period - Stopped by Maxime Daigneault with a rebound.
3:11 of 3rd period - Off-side.
3:12 of 3rd period - Frans Nielsen wins face-off versus Brad Richards in neutral zone.
3:41 of 3rd period - Slapshot by Mark Stuart.
3:41 of 3rd period - Stopped by Maxime Daigneault without a rebound.
3:42 of 3rd period - Nazem Kadri wins face-off versus Henrik Sedin in Coyotes zone.
3:49 of 3rd period - Snap shot by Nazem Kadri.
3:49 of 3rd period - Shot Blocked by Bryce Lampman.
3:51 of 3rd period - Wrist shot by Tyler Ennis.
3:51 of 3rd period - Stopped by Allen York without a rebound.
3:52 of 3rd period - Henrik Sedin wins face-off versus Marian Gaborik in Canadiens zone.
3:52 of 3rd period - Henrik Sedin is hit by Michael Del Zotto.
4:57 of 3rd period - Off-side.
4:58 of 3rd period - Dustin Boyd wins face-off versus Nick Bonino in neutral zone.
5:24 of 3rd period - Snap shot by Nick Bonino.
5:24 of 3rd period - Stopped by Allen York without a rebound.
5:25 of 3rd period - Brad Richards wins face-off versus Corey Perry in Canadiens zone.
5:33 of 3rd period - Minor Penalty to Vitaly Vishnevsky for Holding.
5:34 of 3rd period - Corey Perry wins face-off versus Nazem Kadri in Canadiens zone.
6:00 of 3rd period - Chris Stewart is hit by Shaone Morrisonn and loses puck.
6:05 of 3rd period - Slapshot by Frans Nielsen.
6:05 of 3rd period - Stopped by Maxime Daigneault without a rebound.
6:06 of 3rd period - Benoit Pouliot wins face-off versus Nazem Kadri in Coyotes zone.
7:33 of 3rd period - Penalty to Vitaly Vishnevsky is over, Vitaly Vishnevsky is back on ice.
8:16 of 3rd period - Michael Del Zotto is hit by Nikolai Zherdev.
8:35 of 3rd period - Slapshot by Raphael Diaz.
8:35 of 3rd period - Deflect By Pierre-Marc Bouchard.
8:35 of 3rd period - Goal by Pierre-Marc Bouchard - Coyotes : 2 - Canadiens : 4.
8:36 of 3rd period - Nazem Kadri wins face-off versus Henrik Sedin in neutral zone.
9:12 of 3rd period - Wrist shot by Chris Stewart.
9:12 of 3rd period - Shot Blocked by Steve Downie.
9:21 of 3rd period - Icing by Steve Downie.
9:22 of 3rd period - Pierre-Marc Bouchard wins face-off versus Jamie Arniel in Canadiens zone.
9:24 of 3rd period - Icing by Enver Lisin.
9:25 of 3rd period - Pierre-Marc Bouchard wins face-off versus Jamie Arniel in Canadiens zone.
9:41 of 3rd period - Wrist shot by Pierre-Marc Bouchard.
9:41 of 3rd period - Stopped by Maxime Daigneault without a rebound.
9:42 of 3rd period - Henrik Sedin wins face-off versus Nazem Kadri in Coyotes zone.
9:49 of 3rd period - Henrik Sedin is hit by Tyler Ennis and loses puck.
10:08 of 3rd period - Josh Gorges is hit by Enver Lisin and loses puck.
10:19 of 3rd period - Slapshot by Kristopher Letang.
10:19 of 3rd period - Stopped by Allen York without a rebound.
10:20 of 3rd period - Nazem Kadri wins face-off versus Henrik Sedin in Canadiens zone.
10:23 of 3rd period - Snap shot by Tyler Ennis.
10:23 of 3rd period - Stopped by Allen York without a rebound.
10:24 of 3rd period - Henrik Sedin wins face-off versus Nazem Kadri in Canadiens zone.
10:47 of 3rd period - Minor Penalty to Marian Gaborik for Roughing.
10:48 of 3rd period - Henrik Sedin wins face-off versus Jamie Arniel in Coyotes zone.
10:53 of 3rd period - Snap shot by Henrik Sedin.
10:53 of 3rd period - Shot Blocked by Ramzi Abid.
10:55 of 3rd period - Slapshot by Henrik Sedin.
10:55 of 3rd period - Shot Misses the Net.
10:57 of 3rd period - Snap shot by Benoit Pouliot.
10:57 of 3rd period - Shot Misses the Net.
10:59 of 3rd period - Snap shot by Benoit Pouliot.
10:59 of 3rd period - Shot Misses the Net.
11:01 of 3rd period - Wrist shot by Colton Parayko.
11:01 of 3rd period - Deflect By Josh Gorges.
11:01 of 3rd period - Stopped by Maxime Daigneault without a rebound.
11:02 of 3rd period - Jamie Arniel wins face-off versus Henrik Sedin in Coyotes zone.
11:13 of 3rd period - Wrist shot by Jamie Arniel.
11:13 of 3rd period - Stopped by Allen York with a rebound.
11:15 of 3rd period - Slapshot by Anton Stralman.
11:15 of 3rd period - Deflect By Corey Perry.
11:15 of 3rd period - Stopped by Allen York without a rebound.
11:16 of 3rd period - Henrik Sedin wins face-off versus Jamie Arniel in Canadiens zone.
12:47 of 3rd period - Penalty to Marian Gaborik is over, Marian Gaborik is back on ice.
12:48 of 3rd period - Evgeny Artyukhin is hit by Greg Stewart and loses puck.
12:54 of 3rd period - Off-side.
12:55 of 3rd period - Nazem Kadri wins face-off versus Pierre-Marc Bouchard in neutral zone.
13:03 of 3rd period - Wrist shot by Nazem Kadri.
13:03 of 3rd period - Shot Misses the Net.
13:05 of 3rd period - Snap shot by Tyler Ennis.
13:05 of 3rd period - Stopped by Allen York with a rebound.
13:07 of 3rd period - Wrist shot by Marian Gaborik.
13:07 of 3rd period - Deflect By Nazem Kadri.
13:07 of 3rd period - Shot Misses the Net.
13:07 of 3rd period - Puck is out of play.
13:08 of 3rd period - Nazem Kadri wins face-off versus Henrik Sedin in Canadiens zone.
13:16 of 3rd period - Minor Penalty to Henrik Sedin for Hooking.
13:17 of 3rd period - Corey Perry wins face-off versus Nazem Kadri in Canadiens zone.
13:49 of 3rd period - Shaone Morrisonn is hit by Zach Parise and loses puck.
14:34 of 3rd period - Brad Richards is hit by Greg Stewart and loses puck.
15:16 of 3rd period - Penalty to Henrik Sedin is over, Henrik Sedin is back on ice.
16:57 of 3rd period - Matt Donovan is hit by Corey Perry and loses puck.
18:14 of 3rd period - Slapshot by Mark Stuart.
18:14 of 3rd period - Shot Misses the Net.
18:39 of 3rd period - Nazem Kadri is hit by Mark Stuart and loses puck.
18:54 of 3rd period - Frans Nielsen is hit by Marian Gaborik and loses puck.
Goals for this period are 0 for Coyotes vs 1 for Canadiens.
Shots for this period are 9 for Coyotes vs 9 for Canadiens.
Back to the Top